| TOP OF THE 1ST |
|
Merida Olas batting - Pitching for Panama City Capitales : RHP Richard Renwick
|
|
Pitching: RHP Richard Renwick
|
|
|
Batting: LHB La Schelle Tarver
|
0-0: Bunt for hit to 13S - play at first, batter safe!
|
|
Batting: LHB Gary Jones
|
0-0: Ball 1-0: Ball 2-0: Foul Ball, location: 2F 2-1: Ball 3-1: Foul Ball, location: 2F 3-2: Fly out, F9 (Flyball, 89M, EV 75.6 MPH)
|
|
Batting: LHB Curt Ford
|
0-0: Called Strike 0-1: Ball La Schelle Tarver steals 2nd base 1-1: Swinging Strike 1-2: Foul Ball, location: 2F 1-2: Ground out U3 (Groundball, 3, EV 87.5 MPH) La Schelle Tarver to third
|
|
Batting: LHB Mike L Hart
|
0-0: Foul Ball, location: 2F 0-1: Ball 1-1: Ball 2-1: Called Strike 2-2: Foul Ball, location: 2F 2-2: DOUBLE (Line Drive, 7LM, EV 113.1 MPH) La Schelle Tarver scores
|
|
Batting: RHB Mark Benson
|
0-0: Ball 1-0: Ball 2-0: Called Strike 2-1: Swinging Strike 2-2: Ball 3-2: Base on Balls
|
|
Batting: LHB Vernon Ramie
|
0-0: Ball 1-0: Ball 2-0: SINGLE (Popup, 6MD, EV 53.1 MPH) Mike L Hart to third Mark Benson to second Runner from 3rd tries for Home, SAFE, throw by SS to home
|
|
Batting: RHB Jordan Arredondo
|
0-0: Ball 1-0: Foul Ball, location: 2F 1-1: Called Strike 1-2: Foul Ball, location: 2F 1-2: Ball 2-2: Foul Ball, location: 2F 2-2: Strikes out swinging
|
| Top of the 1st over - 2 runs, 3 hits, 0 errors, 2 left on base; Merida 2 - Panama City 0 |
| BOTTOM OF THE 1ST |
|
Panama City Capitales batting - Pitching for Merida Olas : LHP Sid Fernandez
|
|
Pitching: LHP Sid Fernandez
|
|
|
Batting: SHB Willie Wilson
|
0-0: Ball 1-0: Ball 2-0: Foul Ball, location: 2F 2-1: Ball 3-1: Base on Balls
|
|
Batting: SHB Stan Javier
|
0-0: Ball 1-0: Foul Ball, location: 2F 1-1: Grounds into double play, 6-4-3 (Groundball, 6, EV 85.6 MPH)
|
|
Batting: RHB Rod Allen
|
0-0: Called Strike 0-1: Called Strike 0-2: Foul Ball, location: 2F 0-2: Strikes out swinging
|
| Bottom of the 1st over - 0 runs, 0 hits, 0 errors, 0 left on base; Merida 2 - Panama City 0 |
| TOP OF THE 2ND |
|
Merida Olas batting - Pitching for Panama City Capitales : RHP Richard Renwick
|
|
Batting: LHB Ty Van Burkleo
|
0-0: Swinging Strike 0-1: Fly out, F8 (Line Drive, 8RM, EV 97.5 MPH)
|
|
Batting: LHB Joe Szekely
|
0-0: Swinging Strike 0-1: Ball 1-1: Foul Ball, location: 2F 1-2: Foul Ball, location: 2F 1-2: Foul Ball, location: 2F 1-2: Foul Ball, location: 2F 1-2: Ball 2-2: Strikes out swinging
|
|
Batting: LHB La Schelle Tarver
|
0-0: Swinging Strike 0-1: Foul Ball, location: 2F 0-2: Foul Ball, location: 2F 0-2: Foul Ball, location: 2F 0-2: Ball 1-2: Foul Ball, location: 2F 1-2: Ball 2-2: Ball 3-2: Strikes out swinging
|
| Top of the 2nd over - 0 runs, 0 hits, 0 errors, 0 left on base; Merida 2 - Panama City 0 |
| BOTTOM OF THE 2ND |
|
Panama City Capitales batting - Pitching for Merida Olas : LHP Sid Fernandez
|
|
Batting: LHB George Kaage
|
0-0: Called Strike 0-1: Ball 1-1: Ball 2-1: Foul Ball, location: 2F 2-2: Ball 3-2: Foul Ball, location: 2F 3-2: Fly out, F9 (Flyball, 9LM, EV 93.8 MPH)
|
|
Batting: LHB Carlos Cabassa
|
0-0: Foul Ball, location: 2F 0-1: Ball 1-1: Swinging Strike 1-2: Strikes out looking
|
|
Batting: LHB Jordan Medrano
|
0-0: Hit by Pitch
|
|
Batting: LHB Jessie Reid
|
0-0: Called Strike 0-1: Called Strike 0-2: Strikes out swinging
|
| Bottom of the 2nd over - 0 runs, 0 hits, 0 errors, 1 left on base; Merida 2 - Panama City 0 |
| TOP OF THE 3RD |
|
Merida Olas batting - Pitching for Panama City Capitales : RHP Richard Renwick
|
|
Batting: LHB Gary Jones
|
0-0: Ball 1-0: Ball 2-0: Ball 3-0: Base on Balls
|
|
Batting: LHB Curt Ford
|
0-0: Ball 1-0: Called Strike 1-1: Ball 2-1: Fly out, F8 (Flyball, 78D, EV 84.4 MPH)
|
|
Batting: LHB Mike L Hart
|
0-0: Ball 1-0: Swinging Strike 1-1: Fly out, F2 (Popup, 2RF, EV 81.3 MPH)
|
|
Batting: RHB Mark Benson
|
0-0: SINGLE (Line Drive, 78M, EV 90.0 MPH) Gary Jones to second
|
|
Batting: LHB Vernon Ramie
|
0-0: Called Strike 0-1: Ball 1-1: Ball 2-1: Ball 3-1: Base on Balls Gary Jones to third Mark Benson to second
|
|
Batting: RHB Jordan Arredondo
|
0-0: Called Strike 0-1: Ball 1-1: Foul Ball, location: 2F 1-2: Ball 2-2: Foul Ball, location: 2F 2-2: Ground out 4-3 (Groundball, 4, EV 85.6 MPH)
|
| Top of the 3rd over - 0 runs, 1 hit, 0 errors, 3 left on base; Merida 2 - Panama City 0 |
| BOTTOM OF THE 3RD |
|
Panama City Capitales batting - Pitching for Merida Olas : LHP Sid Fernandez
|
|
Batting: LHB Stephen DeMatties
|
0-0: Called Strike 0-1: Called Strike 0-2: Strikes out swinging
|
|
Batting: SHB Curt Wilkerson
|
0-0: Foul Ball, location: 2F 0-1: Called Strike 0-2: Strikes out swinging
|
|
Batting: SHB Willie Wilson
|
0-0: SINGLE (Line Drive, 6MD, EV 96.3 MPH)
|
|
Batting: SHB Stan Javier
|
0-0: Ball Willie Wilson is caught stealing 2nd base 2-4
|
| Bottom of the 3rd over - 0 runs, 1 hit, 0 errors, 0 left on base; Merida 2 - Panama City 0 |
| TOP OF THE 4TH |
|
Merida Olas batting - Pitching for Panama City Capitales : RHP Richard Renwick
|
|
Batting: LHB Ty Van Burkleo
|
0-0: Called Strike 0-1: Ball 1-1: Ball 2-1: Called Strike 2-2: Ball 3-2: Strikes out swinging
|
|
Batting: LHB Joe Szekely
|
0-0: Ball 1-0: Ball 2-0: Ball 3-0: Base on Balls
|
|
Batting: LHB La Schelle Tarver
|
0-0: Called Strike 0-1: Foul Ball, location: 2F 0-2: Ball 1-2: Ball 2-2: Foul Ball, location: 2F 2-2: Foul Ball, location: 2F 2-2: SINGLE (Groundball, 6S, EV 67.5 MPH) (infield hit) Joe Szekely to second
|
|
Batting: LHB Gary Jones
|
0-0: Ball 1-0: Foul Ball, location: 2F 1-1: Foul Ball, location: 2F 1-2: Strikes out looking
|
|
Batting: LHB Curt Ford
|
0-0: 3-RUN HOME RUN (Line Drive, 78XD, EV 100.6 MPH), Distance : 453 ft
|
|
Pitching: LHP Chuck Dougherty
|
|
|
Batting: LHB Mike L Hart
|
0-0: Called Strike 0-1: Ball 1-1: Ground out 1-3 (Groundball, 13, EV 66.9 MPH)
|
| Top of the 4th over - 3 runs, 2 hits, 0 errors, 0 left on base; Merida 5 - Panama City 0 |
| BOTTOM OF THE 4TH |
|
Panama City Capitales batting - Pitching for Merida Olas : LHP Sid Fernandez
|
|
Batting: SHB Stan Javier
|
0-0: Called Strike 0-1: Called Strike 0-2: Ball 1-2: Ball 2-2: Strikes out swinging
|
|
Batting: RHB Rod Allen
|
0-0: Ball 1-0: Ball 2-0: Ball 3-0: Base on Balls
|
|
Batting: LHB George Kaage
|
0-0: Fielders Choice at 2nd, 4-6 (Groundball, 4, EV 103.1 MPH)
|
|
Batting: LHB Carlos Cabassa
|
0-0: Foul Ball, location: 2F 0-1: Foul Ball, location: 2F 0-2: Foul Ball, location: 2F 0-2: Ball George Kaage steals 2nd base 1-2: Strikes out swinging
|
| Bottom of the 4th over - 0 runs, 0 hits, 0 errors, 1 left on base; Merida 5 - Panama City 0 |
| TOP OF THE 5TH |
|
Merida Olas batting - Pitching for Panama City Capitales : LHP Chuck Dougherty
|
|
Batting: RHB Mark Benson
|
0-0: Swinging Strike 0-1: Ball 1-1: Ground out 6-3 (Groundball, 6M, EV 84.4 MPH)
|
|
Batting: LHB Vernon Ramie
|
0-0: Foul Ball, location: 2F 0-1: Foul Ball, location: 2F 0-2: Foul Ball, location: 2F 0-2: Ball 1-2: Foul Ball, location: 2F 1-2: Foul Ball, location: 2F 1-2: Ball 2-2: Fly out, F8 (Flyball, 8RM, EV 80.6 MPH)
|
|
Batting: RHB Jordan Arredondo
|
0-0: Ball 1-0: Ball 2-0: Called Strike 2-1: Ball 3-1: Base on Balls
|
|
Batting: LHB Ty Van Burkleo
|
0-0: Fly out, F8 (Flyball, 8RM, EV 90.6 MPH)
|
| Top of the 5th over - 0 runs, 0 hits, 0 errors, 1 left on base; Merida 5 - Panama City 0 |
| BOTTOM OF THE 5TH |
|
Panama City Capitales batting - Pitching for Merida Olas : LHP Sid Fernandez
|
|
Batting: LHB Jordan Medrano
|
0-0: Called Strike 0-1: Called Strike 0-2: Ball 1-2: Foul Ball, location: 2F 1-2: SINGLE (Line Drive, 6MD, EV 103.8 MPH)
|
|
Batting: LHB Jessie Reid
|
0-0: Foul Ball, location: 2F 0-1: Swinging Strike 0-2: Strikes out swinging
|
|
Batting: LHB Stephen DeMatties
|
0-0: Called Strike 0-1: Ball 1-1: Called Strike 1-2: Foul Ball, location: 2F 1-2: Strikes out swinging
|
|
Batting: SHB Curt Wilkerson
|
0-0: Called Strike 0-1: Swinging Strike 0-2: Ball 1-2: Foul Ball, location: 2F 1-2: Strikes out swinging
|
| Bottom of the 5th over - 0 runs, 1 hit, 0 errors, 1 left on base; Merida 5 - Panama City 0 |
| TOP OF THE 6TH |
|
Merida Olas batting - Pitching for Panama City Capitales : LHP Chuck Dougherty
|
|
Batting: LHB Joe Szekely
|
0-0: Ground out 2-3 (Groundball, 13S, EV 67.5 MPH)
|
|
Batting: LHB La Schelle Tarver
|
0-0: Ball 1-0: Called Strike 1-1: Foul Ball, location: 2F 1-2: Foul Ball, location: 2F 1-2: Foul Ball, location: 2F 1-2: Ball 2-2: Ball 3-2: Foul Ball, location: 2F 3-2: Ground out U3 (Groundball, 34, EV 88.1 MPH)
|
|
Batting: LHB Gary Jones
|
0-0: Ball 1-0: Swinging Strike 1-1: Ball 2-1: Ball 3-1: Called Strike 3-2: Strikes out swinging
|
| Top of the 6th over - 0 runs, 0 hits, 0 errors, 0 left on base; Merida 5 - Panama City 0 |
| BOTTOM OF THE 6TH |
|
Panama City Capitales batting - Pitching for Merida Olas : LHP Sid Fernandez
|
|
Batting: SHB Willie Wilson
|
0-0: Ball 1-0: Swinging Strike 1-1: Ball 2-1: Foul Ball, location: 2F 2-2: Ball 3-2: Foul Ball, location: 2F 3-2: Base on Balls
|
|
Batting: SHB Stan Javier
|
0-0: Ball 1-0: Called Strike 1-1: Fly out, F1 (Line Drive, P, EV 63.8 MPH)
|
|
Batting: RHB Rod Allen
|
0-0: Called Strike Willie Wilson steals 2nd base 0-1: Swinging Strike 0-2: Strikes out swinging
|
|
Batting: LHB George Kaage
|
0-0: Called Strike 0-1: Foul Ball, location: 2F 0-2: Ball 1-2: Strikes out swinging
|
| Bottom of the 6th over - 0 runs, 0 hits, 0 errors, 1 left on base; Merida 5 - Panama City 0 |
| TOP OF THE 7TH |
|
Merida Olas batting - Pitching for Panama City Capitales : LHP Chuck Dougherty
|
|
Batting: LHB Curt Ford
|
0-0: Ball 1-0: Called Strike 1-1: Ground out 4-3 (Groundball, 4, EV 85.6 MPH)
|
|
Batting: LHB Mike L Hart
|
0-0: Called Strike 0-1: Foul Ball, location: 2F 0-2: Ball 1-2: Ball 2-2: Ball 3-2: Foul Ball, location: 2F 3-2: Foul Ball, location: 2F 3-2: Base on Balls
|
|
Batting: RHB Mark Benson
|
0-0: Ball 1-0: Foul Ball, location: 2F 1-1: Ball 2-1: Swinging Strike 2-2: Strikes out swinging
|
|
Batting: LHB Vernon Ramie
|
0-0: Called Strike 0-1: Ball 1-1: Fielders Choice at 2nd, 5-4 (Groundball, 56, EV 89.4 MPH)
|
| Top of the 7th over - 0 runs, 0 hits, 0 errors, 1 left on base; Merida 5 - Panama City 0 |
| BOTTOM OF THE 7TH |
|
Panama City Capitales batting - Pitching for Merida Olas : LHP Sid Fernandez
|
|
Batting: LHB Carlos Cabassa
|
0-0: SINGLE (Groundball, 6D, EV 109.4 MPH)
|
|
Batting: LHB Jordan Medrano
|
0-0: Called Strike 0-1: Ball 1-1: Foul Ball, location: 2F 1-2: Foul Ball, location: 2F 1-2: Foul Ball, location: 2F 1-2: Grounds into double play, 3-6-3 (Groundball, 34, EV 95.0 MPH)
|
|
Batting: LHB Jessie Reid
|
0-0: Foul Ball, location: 2F 0-1: Ball 1-1: Ball 2-1: Foul Ball, location: 2F 2-2: Foul Ball, location: 2F 2-2: Foul Ball, location: 2F 2-2: SINGLE (Flyball, 6MD, EV 88.1 MPH)
|
|
Batting: LHB Stephen DeMatties
|
0-0: Called Strike 0-1: Foul Ball, location: 2F 0-2: Ball 1-2: Ball 2-2: Foul Ball, location: 2F 2-2: Ball 3-2: SINGLE (Groundball, 4MD, EV 103.8 MPH) Jessie Reid to second Jessie Reid to third
|
|
Batting: SHB Curt Wilkerson
|
0-0: Swinging Strike 0-1: Swinging Strike 0-2: Foul Ball, location: 2F 0-2: Strikes out looking
|
| Bottom of the 7th over - 0 runs, 3 hits, 0 errors, 2 left on base; Merida 5 - Panama City 0 |
| TOP OF THE 8TH |
|
Merida Olas batting - Pitching for Panama City Capitales : LHP Chuck Dougherty
|
|
Batting: RHB Jordan Arredondo
|
0-0: Foul Ball, location: 2F 0-1: Foul Ball, location: 2F 0-2: Ball 1-2: Foul Ball, location: 2F 1-2: Ball 2-2: Ball 3-2: Ground out 5-3 (Groundball, 5, EV 90.6 MPH)
|
|
Batting: LHB Ty Van Burkleo
|
0-0: Called Strike 0-1: Ball 1-1: Called Strike 1-2: Ball 2-2: Foul Ball, location: 2F 2-2: Strikes out swinging
|
|
Batting: LHB Joe Szekely
|
0-0: Called Strike 0-1: Ball 1-1: Ball 2-1: Ground out 5-3 (Groundball, 56, EV 85.6 MPH)
|
| Top of the 8th over - 0 runs, 0 hits, 0 errors, 0 left on base; Merida 5 - Panama City 0 |
| BOTTOM OF THE 8TH |
|
Panama City Capitales batting - Pitching for Merida Olas : LHP Sid Fernandez
|
|
Batting: SHB Willie Wilson
|
0-0: Ball 1-0: Ball 2-0: SINGLE (Groundball, 6S, EV 66.9 MPH) (infield hit)
|
|
Batting: SHB Stan Javier
|
0-0: Ball 1-0: Called Strike 1-1: Ball 2-1: Called Strike 2-2: Fly out, F8 (Line Drive, 8LM, EV 106.3 MPH)
|
|
Batting: RHB Rod Allen
|
0-0: Called Strike 0-1: Called Strike 0-2: Strikes out swinging
|
|
Batting: LHB George Kaage
|
0-0: Ball 1-0: Foul Ball, location: 2F 1-1: Ball 2-1: Reached via error on a dropped throw from 1B, E1 (Groundball, 34S, EV 83.1 MPH) Willie Wilson to second
|
|
Batting: LHB Carlos Cabassa
|
0-0: Foul Ball, location: 2F 0-1: Ball 1-1: Swinging Strike 1-2: Strikes out looking
|
| Bottom of the 8th over - 0 runs, 1 hit, 1 error, 2 left on base; Merida 5 - Panama City 0 |
| TOP OF THE 9TH |
|
Merida Olas batting - Pitching for Panama City Capitales : LHP Chuck Dougherty
|
|
Batting: LHB La Schelle Tarver
|
0-0: Ball 1-0: Foul Ball, location: 2F 1-1: Ground out 4-3 (Groundball, 4M, EV 84.4 MPH)
|
|
Batting: LHB Gary Jones
|
0-0: Ball 1-0: Called Strike 1-1: Called Strike 1-2: Foul Ball, location: 2F 1-2: Strikes out swinging
|
|
Batting: LHB Curt Ford
|
0-0: Fly out, F4 (Popup, 4D, EV 68.1 MPH)
|
| Top of the 9th over - 0 runs, 0 hits, 0 errors, 0 left on base; Merida 5 - Panama City 0 |
| BOTTOM OF THE 9TH |
|
Panama City Capitales batting - Pitching for Merida Olas : LHP Sid Fernandez
|
|
Batting: LHB Jordan Medrano
|
0-0: Called Strike 0-1: Ball 1-1: Called Strike 1-2: Foul Ball, location: 2F 1-2: DOUBLE (Flyball, 89D, EV 99.4 MPH)
|
|
Batting: LHB Jessie Reid
|
0-0: Swinging Strike 0-1: Ball 1-1: Reached on error, E6 (Groundball, 6, EV 85.0 MPH) Jordan Medrano scores
|
|
Batting: LHB Stephen DeMatties
|
0-0: Foul Ball, location: 2F 0-1: Swinging Strike 0-2: Ball 1-2: Ball 2-2: Ball 3-2: Base on Balls
|
|
Batting: SHB Curt Wilkerson
|
0-0: Ball 1-0: Foul Ball, location: 2F 1-1: Ball 2-1: Grounds into double play, 6-4-3 (Groundball, 6, EV 81.9 MPH) Jessie Reid to third
|
|
Batting: SHB Willie Wilson
|
0-0: Called Strike 0-1: SINGLE (Groundball, 56D, EV 104.4 MPH) Jessie Reid scores
|
|
Batting: SHB Stan Javier
|
0-0: Ball 1-0: Foul Ball, location: 2F 1-1: Ball 2-1: SINGLE (Groundball, 34S, EV 81.3 MPH) (infield hit) Willie Wilson to second
|
|
Batting: RHB Rod Allen
|
0-0: Ground out 4-3 (Groundball, 4, EV 85.0 MPH)
|
| Bottom of the 9th over - 2 runs, 3 hits, 1 error, 2 left on base; Merida 5 - Panama City 2 |
|